Unix NetHack Version 5.0.0-0 post-release - last build May 17 2026 04:57:42 (dc50c8380fa5e20985bfe3072449f57b8d9895ef,branch:main).

Game began 2026-05-18 02:01:01, ended 2026-05-18 02:08:40.

ArrBianca, lawful female dwarven Archeologist

                            . .


                            ###
                         --+-r--------        -------+--
                         ....@.......|        |........|
                         |............########.........|
                         |....{......|# ######|........|
                         -------------       #......<..|
                                              -+--------

ArrBianca the Field Worker  St:12 Dx:8 Co:16 In:15 Wi:15 Ch:9  Lawful
Dlvl:5  $:51 HP:0(35) Pw:6(6) AC:9  Xp:3 T:1493 

Latest messages:
 You miss the shrieker.
 You hit the shrieker.
 You hit the shrieker.
 You miss the shrieker.
 You hit the shrieker.
 You hit the shrieker.
 You miss the shrieker.
 You hit the shrieker.
 You hit the shrieker.
 You hit the shrieker.
 You hit the shrieker.
 The shrieker turns to flee.
 You hit the shrieker.
 You hit the shrieker.
 You hit the shrieker.
 You miss the shrieker.
 You hit the shrieker.
 You miss the shrieker.
 The shrieker shrieks.
 The shrieker shrieks.
 You hit the shrieker.
 You hit the shrieker.
 You kill the shrieker!
 You see here a credit card.
 You see here a credit card.
 F - a credit card.
 $ - 10 gold pieces (51 in total).
 You find a hidden door.
 The door resists!
 The door opens.
 You already found a monster.  Use 'm' prefix to force another search.
 You already found a monster.  Use 'm' prefix to force another search.
 You hit the rabid rat.
 The rabid rat bites!
 You hit the rabid rat.
 The rabid rat bites!
 You feel more confident in your weapon skills.
 You hit the rabid rat.
 The rabid rat bites!
 You find a hidden passage.
 You hit the rabid rat.
 The rabid rat bites!
 You hit the rabid rat.
 The rabid rat bites!
 You are now most skilled in dagger.
 The rabid rat bites!
 The rabid rat's bite was poisoned!
 You hear the howling of the CwnAnnwn...
 You die...
 Do you want an account of creatures vanquished? [ynaq] (y) q

Inventory:
 Coins    ('$')
  $ - 51 gold pieces
 Weapons  (')')
  q - a cursed -1 orcish dagger (weapon in right hand)
  a - a +2 bullwhip
 Armor    ('[')
  c - an uncursed +0 fedora (being worn)
  b - an uncursed +0 leather jacket (being worn)
 Comestibles  ('%')
  d - 7 uncursed food rations
  j - a cursed food ration
  n - an uncursed fortune cookie
  l - a cursed fortune cookie
  w - a cursed tripe ration
  i - an uncursed homemade tin of fox meat
  x - an uncursed egg
  k - an uncursed lichen corpse
 Scrolls  ('?')
  B - an uncursed scroll of scare monster
  D - an uncursed scroll of scare monster
 Potions  ('!')
  s - a blessed potion of extra healing
  z - a cursed potion of fruit juice
  u - 3 uncursed potions of healing
  r - a blessed potion of speed
 Tools    ('(')
  h - an empty uncursed sack
  F - an uncursed credit card
  e - a +0 pick-axe (alternate weapon; not wielded)
  f - a tinning kit (0:68)
 Gems/Stones  ('*')
  g - an uncursed touchstone

ArrBianca the Archeologist's attributes:

Background:
 You were a Field Worker, a level 3 female dwarven Archeologist.
 You were lawful, on a mission for Quetzalcoatl
 who was opposed by Camaxtli (neutral) and Huhetotl (chaotic).
 You were right-handed.
 You were in the Dungeons of Doom, on level 5.
 You entered the dungeon 1493 turns ago.
 It was nighttime.
 There was a new moon in effect when your adventure ended.
 You had 58 experience points, 22 more were needed to attain level 4.

Basics:
 You had 0 out of 35 hit points.
 You had all 6 energy points (spell power).
 Your armor class was 9.
 Your wallet contained 51 zorkmids.
 Autopickup was on for '$?!/="+%' plus thrown, with exceptions.

Final Characteristics:
 Your strength was 12 (limit:18/100).
 Your dexterity was 8 (limit:20).
 Your constitution was 16 (limit:20).
 Your intelligence was 15 (limit:16).
 Your wisdom was 15 (limit:16).
 Your charisma was 9 (limit:16).

Final Status:
 You weren't hungry.
 You were unencumbered.
 You were wielding a dagger.
 You had basic skill with dagger.

Final Attributes:
 You were devoutly aligned.
 You had automatic searching.
 You had infravision.
 You were lucky.
 You are dead.

Miscellaneous:
 You didn't encounter any bones levels.
 Total elapsed playing time was 7 minutes and 39 seconds.

Major events:
 Turn
    1: ArrBianca the lawful female dwarven Archeologist entered the dungeon
 1035: attained the rank of Field Worker (level 3)
 1493: killed by a rabid rat

You didn't know any spells.

Skills:
 Fighting Skills
   bare handed combat [Unskilled]
   two weapon combat  [Unskilled]
   riding             [Unskilled]
 Weapon Skills
   dagger             [Basic]
   knife              [Unskilled]
   pick-axe           [Basic]
   short sword        [Unskilled]
   saber              [Unskilled]
   club               [Unskilled]
   quarterstaff       [Unskilled]
   sling              [Unskilled]
   dart               [Unskilled]
   boomerang          [Unskilled]
   whip               [Basic]
   unicorn horn       [Unskilled]
 Spellcasting Skills
   attack spells      [Unskilled]
   healing spells     [Unskilled]
   divination spells  [Unskilled]
   matter spells      [Unskilled]

Voluntary challenges:
 Character rerolling was not enabled.
 You never genocided any monsters.
 You never polymorphed an object.
 You never changed form.
 You used no wishes.
Achievements:
 You entered a shop.
 You attained the rank of Field Worker.

 The Dungeons of Doom: levels 1 to 5
    Level 1:
       A fountain.
    Level 2:
       An armor shop, a fountain.
    Level 3:
       A fountain.
    Level 4:
       A fountain.
    Level 5: <- You were here.
       A fountain.
       Final resting place for
          you, killed by a rabid rat.


Vanquished creatures:
  a shrieker
  2 gas spores
  a yellow mold
  a gnome zombie
  3 geckos
  3 jackals
  a fox
  a goblin
  7 grid bugs
  2 lichens
  a newt
23 creatures vanquished.

No species were genocided or became extinct.

Game over:
                       ----------
                      /          \
                     /    REST    \
                    /      IN      \
                   /     PEACE      \
                  /                  \
                  |    ArrBianca     |
                  |      51 Au       |
                  |   killed by a    |
                  |    rabid rat     |
                  |                  |
                  |                  |
                  |       2026       |
                 *|     *  *  *      | *
        _________)/\\_//(\/(/\)/\//\/|_)_______

Goodbye ArrBianca the Archeologist...

You died in The Dungeons of Doom on dungeon level 5 with 478 points,
and 51 pieces of gold, after 1493 moves.
You were level 3 with a maximum of 35 hit points when you died.

